AoeStats
← rodcamu

Arabian Desert

509679565Analyzed
1v1 RM · 6d ago on Sep 27, 2026· 52m 13s· 2 players
Game mode
Random Map
Map size
Tiny (2 player)
Population
200
Speed
Normal
Resources
Standard
Victory
Conquest
Starting age
Dark Age
Ending age
Imperial Age
RankedLock teamsTeams togetherTeam positionsShared explorationLock speedFull tech treeHidden civsTurbo modeCheats
Victory
Defeat
🇪🇸 Goths · Spain
867
+18
🇺🇸 Magyars · United States
915
-18
rodcamu
3:35 Loom
11:28 Feudal Age
11:44 Man-at-Arms
21:40 Castle Age
20:38 Scale Mail Armor
20:48 Forging
23:16 Wheelbarrow
22:31 Town Watch
24:57 Town Patrol
27:37 Chain Mail Armor
28:49 Squires
28:10 Pikeman
32:11 Horse Collar
32:26 Stone Mining
32:27 Gold Mining
34:13 Long Swordsman
35:54 Iron Casting
35:03 Treadmill Crane
35:45 Ballistics
36:23 Anarchy
36:30 Fletching
40:16 Imperial Age
40:35 Stone Shaft Mining
39:51 Double-Bit Axe
40:14 Bodkin Arrow
40:38 Masonry
40:20 Heated Shot
40:42 Halberdier
40:42 Two-Handed Swordsman
41:45 Conscription
41:25 Perfusion
42:20 Hand Cart
41:51 Champion
44:31 Capped Ram
46:47 Chemistry
45:43 Murder Holes
48:10 Elite Huskarl
LookBehindYou!
8:06 Loom
10:50 Feudal Age
11:17 Horse Collar
13:19 Bloodlines
16:36 Fletching
18:47 Scale Barding Armor
24:18 Castle Age
23:24 Gold Mining
25:21 Chain Barding Armor
24:26 Light Cavalry
25:16 Husbandry
27:12 Heavy Plow
27:01 Double-Bit Axe
27:51 Bodkin Arrow
28:37 Gold Shaft Mining
29:50 Wheelbarrow
29:01 Town Watch
29:49 Bow Saw
36:04 Imperial Age
34:15 Stone Mining
36:19 Hussar
38:44 Plate Barding Armor
38:42 Hand Cart
39:03 Crop Rotation
39:14 Conscription
42:34 Two-Man Saw
42:40 Cavalier
43:25 Bracer
44:44 Paladin
46:22 Devotion
48:31 Murder Holes
50:02 Ballistics
50:43 Chemistry
Connection lost

Rejoining the realm…

Still unreachable

The connection could not be restored.

Session expired

The server has moved on; the page needs a fresh start.